 Dungeon Crawl Stone Soup version 0.21.0-30-g47ce8e4 (webtiles) character file.

30 tidbits the Ducker (level 3, 35/35 HPs)
             Began as a Gnoll Monk on Jan 28, 2018.
             Quit the game on level 3 of the Dungeon.
             The game lasted 00:02:39 (298 turns).

tidbits the Ducker (Gnoll Monk)                      Turns: 298, Time: 00:02:39

Health: 35/35      AC:  4    Str: 13    XL:     3   Next: 20%
Magic:  3/3        EV: 16    Int: 13    God:    Xom [..*...]
Gold:   22         SH:  0    Dex: 17    Spells: 3/3 levels left

rFire    . . .     SeeInvis .   a - +0 short sword
rCold    . . .     Gourm    .   (no shield)
rNeg     . . .     Faith    .   b - +0 robe
rPois    .         Spirit   .   (no helmet)
rElec    .         Reflect  .   (no cloak)
rCorr    .         Harm     .   G - +0 pair of gloves
MR       .....                  (no boots)
Stlth    +++.......             (no amulet)
HPRegen  0.11/turn              g - +1 ring of protection
MPRegen  0.08/turn              (no ring)

@: no status effects
A: distributed training, fangs 1, strong nose
a: Renounce Religion


You were on level 3 of the Dungeon.
You worshipped Xom.
You were a toy of Xom.
You were not hungry.

You visited 1 branch of the dungeon, and saw 3 of its levels.

You collected 22 gold pieces.

Inventory:

Hand Weapons
 a - a +0 short sword (weapon)
 e - a +0 dagger
Missiles
 j - 7 arrows
Armour
 b - a +0 robe (worn)
 G - a +0 pair of gloves (worn)
Jewellery
 g - a +1 ring of protection (left hand)
   (You found it on level 2 of the Dungeon)
 h - an uncursed ring of fire
   (You found it on level 2 of the Dungeon)
Scrolls
 d - a scroll of remove curse {unknown}
 f - a scroll of teleportation
Potions
 i - a potion of cancellation {unknown}
 k - a potion of haste {unknown}
Comestibles
 c - a ration


   Skills:
 + Level 6.5 Fighting
 + Level 6.5 Short Blades
 + Level 0.6 Long Blades
 + Level 0.6 Axes
 + Level 0.6 Maces & Flails
 + Level 0.6 Polearms
 + Level 0.6 Staves
 + Level 0.6 Slings
 + Level 0.6 Bows
 + Level 0.6 Crossbows
 + Level 0.6 Throwing
 + Level 0.6 Armour
 + Level 6.5 Dodging
 + Level 4.1 Stealth
 + Level 0.6 Shields
 + Level 0.6 Unarmed Combat
 + Level 0.6 Spellcasting
 + Level 0.4 Conjurations
 + Level 0.4 Hexes
 + Level 0.4 Charms
 + Level 0.4 Summonings
 + Level 0.4 Necromancy
 + Level 0.4 Translocations
 + Level 0.4 Transmutations
 + Level 0.4 Fire Magic
 + Level 0.4 Ice Magic
 + Level 0.4 Air Magic
 + Level 0.4 Earth Magic
 + Level 0.4 Poison Magic
 + Level 0.8 Invocations
 + Level 0.6 Evocations


You had 3 spell levels left.
You didn't know any spells.

Dungeon Overview and Level Annotations

Branches:
Dungeon (3/15)

Altars:
Xom

Annotations:
D:3 1player's ghost, amateur SpEn


Innate Abilities, Weirdness & Mutations

Your experience applies equally to all skills.
You have very sharp teeth.
Your uncanny sense of smell can sniff out nearby items.


Message History

The bat closely misses you.
You barely miss the bat.
The bat is moderately wounded.
The bat hits you but does no damage.
The bat barely misses you. 1player's ghost (amateur Spriggan Enchanter) comes into view.
It is wielding a weapon of freezing.
You barely miss the bat. The bat completely misses you. The bat misses you.
The bat closely misses you. The bat hits you but does no damage.
The bat closely misses you. The bat barely misses you.
There is a stone staircase leading up here.
The bat hits you.
You climb upwards.
There is a stone staircase leading down here.
Unknown command.
You aren't carrying any potions.
Unknown command.
Found a stone staircase leading up.
Found a pair of gloves.
There is a stone staircase leading up here.
You climb upwards.
There is a stone staircase leading down here.
Unknown command.
You climb downwards.
There is a stone staircase leading up here.
Unknown command.
Found a scroll labeled YCROQEYWEDI.
Found a blackened garnet ring.
You see here a scroll labeled YCROQEYWEDI.
You see here a pair of gloves.
You see here a scroll labeled YCROQEYWEDI.
f - 2 scrolls labeled YCROQEYWEDI (gained 1)
You see here a pair of gloves.
h - a pair of gloves Wear which item? (? for menu, Esc to quit)
You start putting on your armour.
You continue putting on your pair of gloves. x4
You finish putting on your +0 pair of gloves.
Adjust (i)tems, (s)pells, or (a)bilities?
Adjust which item? (? for menu, Esc to quit)
h - a +0 pair of gloves (worn)
Adjust to which letter? (? for menu, Esc to quit)
G - a +0 pair of gloves (worn)
You see here a blackened garnet ring.
h - a blackened garnet ring Put on which piece of jewellery? (? for menu, Esc to quit)
You feel more attuned to fire.
h - a ring of fire (right hand) Remove which piece of jewellery? (? for menu, Esc to quit)
You remove your ring of fire.
Found a stone staircase leading down.
A bat comes into view.
Found a bubbling silvery potion and 5 gold pieces.
Found a cyan potion and 7 arrows.
The bat hits you but does no damage. The bat hits you but does no damage.
You hit the bat.
You kill the bat!
You see here a cyan potion.
i - a cyan potion You see here 7 arrows.
j - 7 arrows You see here 5 gold pieces.
You now have 22 gold pieces (gained 5).
You see here a bubbling silvery potion.
k - a bubbling silvery potion
There is a stone staircase leading down here.
As you read the scroll labeled YCROQEYWEDI, it crumbles to dust.
You feel strangely unstable.
It was a scroll of teleportation.
You climb downwards.
Level annotation: 1player's ghost, amateur SpEn A rat comes into view.
Found a stone staircase leading down.
There is a stone staircase leading up here.
Your surroundings suddenly seem different.
Found a faded altar of an unknown god.
You hit the bat.
The bat is severely wounded.
The bat closely misses you. x2
You completely miss the bat.
The bat is severely wounded.
The bat hits you but does no damage.
You barely miss the bat.
The bat is severely wounded.
The bat misses you. The bat barely misses you. The bat completely misses you.
The bat closely misses you. The bat misses you. The bat misses you.
The bat closely misses you.
There is a faded altar of an unknown god here.
You cannot tell which god this altar belongs to.
Convert to them anyway?
Okay, then.
Put on which piece of jewellery? (? for menu, Esc to quit)
Okay, then.
You cannot tell which god this altar belongs to.
Convert to them anyway?
Xom accepts your prayer! Xom welcomes you! The bat hits you but does no damage.
Are you sure you want to abandon this character and quit the game? (Confirm with "yes".)

#...>........ #
.............. #.
###..........# ##.
##...##...##
#..###### ###.# ##.#
#... ...# #.. .##
#...#...## #.# ##...
#..#b#...###.###...##
#.@.#.....†....#
#..#.#..........#
#...#...........#
#........##....##
#........###b#.......
########## #.#####...
#<# . #.# #.#


You could see a bat.

Vanquished Creatures
  An adder (D:3)
  An ooze (D:1)
  A dart slug (D:1)
  A bat (D:2)
  6 goblins
  2 hobgoblins
  2 kobolds (D:2)
  A rat (D:2)
15 creatures vanquished.

Notes
Turn   | Place    | Note
-------+----------+-------------------------------------------
     0 | D:1      | tidbits the Gnoll Monk began the quest for the Orb.
     0 | D:1      | Reached XP level 1. HP: 23/23 MP: 1/1
   121 | D:1      | Reached XP level 2. HP: 28/29 MP: 2/2
   212 | D:3      | Reached XP level 3. HP: 35/35 MP: 3/3
   216 | D:3      | Noticed 1player's ghost (amateur SpEn)
   289 | D:3      | Found a faded altar of an unknown god.
   297 | D:3      | Became a worshipper of Xom of Chaos
   298 | D:3      | Quit the game

Action                   || total
-------------------------++-------
Melee: Short sword       ||    47
       Bite              ||     5
  Use: Scroll            ||     1
 Stab: Sleeping          ||     4
Armor: Robe              ||     9
Dodge: Dodged            ||    32

Table legend:
 A = Turns spent in this place as a percentage of turns spent in the entire game.
 B = Non-inter-level travel turns spent in this place as a percentage of non-inter-level travel turns spent in the entire game.
 C = Inter-level travel turns spent in this place as a percentage of turns spent in this place.
 D = Turns resting spent in this place as a percentage of non-inter-level travel turns spent in this place.
 E = Turns spent auto-exploring this place as a percentage of non-inter-level travel turns spent in this place.
 F = Non-inter-level travel turns spent in this place divided by the number of levels of this place that you've seen.
                   A       B       C       D       E      F
               +-------+-------+-------+-------+-------+----------------------
         Total | 100.0 | 100.0 |   0.0 |   0.0 |   0.0 |  99.3
       Dungeon | 100.0 | 100.0 |   0.0 |   0.0 |   0.0 |  99.3
               +-------+-------+-------+-------+-------+----------------------

Table legend:
 A = Kills in this place as a percentage of kills in entire the game.
 B = Kills by you in this place as a percentage of kills by you in the entire game.
 C = Kills by friends in this place as a percentage of kills by friends in the entire game.
 D = Other kills in this place as a percentage of other kills in the entire game.
 E = Experience gained in this place as a percentage of experience gained in the entire game.
 F = Experience gained in this place divided by the number of levels of this place that you have seen.
                   A       B       C       D       E      F
               +-------+-------+-------+-------+-------+----------------------
         Total | 100.0 | 100.0 |   N/A |   N/A | 100.0 |  14.7
       Dungeon | 100.0 | 100.0 |   N/A |   N/A | 100.0 |  14.7
               +-------+-------+-------+-------+-------+----------------------

Vault maps used:
D:1:      minmay_arrival_arboretum_small
D:2:      overflow_temple_1_default, cheibriados_altar_1
D:3:      chequers_ecumenical_altar_simple_redux
